cohdb
Replays
Latest Replays
All Replays
Popular Replays
Top Player Replays
Match Explorer
How It Works
Community
CoH3 Stats
Reddit
Sign in to upload your games and track your stats! →
Sign in with Steam
Match 41629348
Unlisted
Match 41629348
Overview
Messages
Build Orders
End
Construct Weapon Support Center
Selects Special Operations Battlegroup
Selects M29 Weasel Recon Vehicle
M29 Weasel Recon Vehicle
Engineer Squad
M1919 Machine Gun Team
M1919 Machine Gun Team
Infantry Support Center
Bazooka Squad
Selects Raiding Flares
Construct Motor Pool
M8 Greyhound Armored Car
M3 Armored Personnel Carrier
Selects SSF Commando Squad
SSF Commando Squad
SSF Commando Squad
Construct Tank Depot
SSF Commando Squad
M24 Chaffee Light Tank
Improved M9 Bazooka Rockets
Raiding Flares
Selects P-47 Anti-Infantry Loiter
P-47 Anti-Infantry Loiter
M8 Greyhound Armored Car
SSF Commando Squad
Selects M4A1 Sherman Whizbang
M4A1 Sherman Whizbang
noLiberation
IJ-Cones
Ladislava
ep1
Phan
catcher19
Baloney
kamacura
0
0
Comments
sign in to comment!
No comments posted yet!